Map: Orbital Shipyard

Players

Frozzen - Winner!

  • Race: Zerg Zerg
  • League: Diamond

Zalot

  • Race: Protoss Protoss
  • League: Gold

VOD

Have the link to the VOD?

Description

Time

  • Played on: Nov. 20, 2015, 11:30 a.m.
  • Length: 6:57
Show
View Real Time Build Order
Export as new Build Order

Frozzen Zerg - Winner!

Build Orders: Pool First 

Get SALT Encoding   

  12  0:01  Drone  
  13  0:08  Drone  
  14  0:16  Drone, Extractor  
  14  0:33  Spawning Pool  
  13  0:36  Drone  
  14  0:43  Drone, Extractor  
  15  0:51  Overlord  
  15  1:20  Zergling x2, Queen  
  15  1:21  Zergling x4  
  20  1:27  Metabolic Boost  
  20  1:33  Zergling x2  
  21  1:42  Zergling x2  
  22  1:58  Hatchery  
  21  2:04  Overlord  
  21  2:10  Zergling x2  
  22  2:24  Zergling x2  
  22  2:35  Zergling x4  
  22  2:36  Zergling x4  
  24  2:45  Zergling x2  
  24  2:58  Zergling x2  
  23  3:12  Zergling x4  
  25  3:16  Zergling x2  
  25  3:17  Zergling x4  
  28  3:23  Zergling x4  
  28  3:24  Queen  
  32  3:29  Overlord  
  32  3:34  Zergling x2  
  24  3:58  Roach Warren  
  24  3:59  Drone x3  
  22  4:22  Overlord  
  22  4:23  Overlord  
  20  4:43  Roach x4  
  28  4:52  Roach  
  30  4:55  Roach  
  30  4:59  Roach  
  34  5:08  Roach  
  36  5:21  Roach x2  
  40  5:27  Drone x2  
  42  5:33  Roach  
  44  5:37  Roach  
  46  5:45  Roach  
  48  5:53  Ravager  
  49  5:57  Ravager  
  49  5:58  Zergling x6  
  53  6:05  Overlord  
  53  6:16  Roach x2  
Show
View Real Time Build Order
Export as new Build Order

Zalot Protoss 

Build Orders:  

Get SALT Encoding   

  12  0:01  Probe (Chrono Boost)  
  13  0:12  Probe (Chrono Boost)  
  14  0:18  Pylon  
  14  0:22  Probe (Chrono Boost)  
  15  0:36  Probe (Chrono Boost)  
  15  0:40  Gateway  
  16  0:47  Probe (Chrono Boost)  
  17  0:52  Pylon  
  17  1:00  Probe (Chrono Boost), Pylon  
  18  1:07  Assimilator  
  19  1:11  Probe (Chrono Boost)  
  19  1:28  Cybernetics Core  
  19  1:33  Pylon  
  19  1:36  Probe (Chrono Boost)  
  19  1:38  Zealot  
  22  1:45  Assimilator  
  22  1:46  Probe (Chrono Boost)  
  23  1:57  Probe (Chrono Boost)  
  24  2:13  Nexus  
  24  2:19  Mothership Core (Chrono Boost)  
  26  2:25  Adept  
  21  2:37  Probe (Chrono Boost)  
  20  2:48  Probe (Chrono Boost)  
  19  3:02  Probe (Chrono Boost)  
  20  3:12  Gateway  
  20  3:13  Probe (Chrono Boost)  
  21  3:20  Adept  
  21  3:23  Probe (Chrono Boost)  
  24  3:29  Probe (Chrono Boost)  
  24  3:34  Probe (Chrono Boost)  
  26  3:39  Probe (Chrono Boost)  
  27  3:44  Probe (Chrono Boost)  
  28  3:55  Probe (Chrono Boost)  
  29  4:02  Zealot (Chrono Boost)  
  29  4:03  Adept (Chrono Boost)  
  29  4:05  Probe (Chrono Boost)  
  29  4:06  Probe (Chrono Boost)  
  33  4:15  Probe (Chrono Boost)  
  33  4:16  Probe (Chrono Boost)  
  31  4:25  Probe  
  24  4:36  Probe (Chrono Boost)  
  24  4:37  Probe (Chrono Boost)  
  25  4:48  Probe (Chrono Boost), Adept x2  
  25  4:49  Probe (Chrono Boost), Warp Gate (Chrono Boost)  
  31  4:59  Probe (Chrono Boost)  
  33  5:00  Probe (Chrono Boost)  
  33  5:10  Probe (Chrono Boost)  
  34  5:18  Adept  
  34  5:21  Probe (Chrono Boost)  
  37  5:32  Adept  
  39  5:36  Probe (Chrono Boost)  
  39  5:37  Probe (Chrono Boost)  
  41  5:46  Probe (Chrono Boost), Twilight Council  
  41  5:48  Probe (Chrono Boost)  
  43  5:52  Robotics Facility  
  43  5:57  Probe x2 (Chrono Boost)  
  44  6:03  Adept  
  47  6:07  Probe  
  47  6:08  Probe  
  49  6:15  Robotics Facility  
  49  6:18  Probe  
  50  6:28  Probe  
  47  6:43  Forge  
Tags
 
Add a new tag
Caveats
  • Supply blocks, unpowered buildings, or Contaminate may cause inaccurate times.
  • Supply counts are checked every 10 seconds.